 Dungeon Crawl Stone Soup version 0.31-a0-267-g3fc6992b3b (webtiles) character file.

Game seed: 13389097631165407210

737 qw the Skirmisher (level 7, -4/60 HPs)
             Began as a Minotaur Hexslinger on July 13, 2023.
             Slain by Menkaure (21 damage)
             ... on level 5 of the Dungeon.
             The game lasted 00:01:11 (3135 turns).

qw the Skirmisher (Minotaur Hexslinger)             Turns: 3135, Time: 00:01:12

Health: -4/60      AC:  4    Str: 12    XL:     7   Next: 46%
Magic:  7/7        EV: 12    Int: 10    God:
Gold:   226        SH:  0    Dex: 15    Spells: 7/8 levels left

rFire   . . .        b - +2 longbow (heavy)
rCold   . . .        (shield currently unavailable)
rNeg    . . .        i - +0 leather armour
rPois   .            (helmet restricted)
rElec   .            (no cloak)
rCorr   .            (no gloves)
SInv    .            h - +0 pair of boots
Will    .....        c - amulet of the acrobat
Stlth   +            (no ring)
HPRegen 0.30/turn    (no ring)
MPRegen 0.10/turn

%: acrobat
@: no status effects
A: horns 2, retaliatory headbutt
a: no special abilities


You were on level 5 of the Dungeon.
You visited 1 branch of the dungeon, and saw 5 of its levels.

You collected 226 gold pieces.


Innate Abilities, Weirdness & Mutations

You have a pair of horns on your head.
You reflexively headbutt those who attack you in melee.


   Skills:
 + Level 4.9 Fighting
 - Level 8.0 Ranged Weapons
 - Level 1.3 Armour
 - Level 2.1 Dodging
 - Level 1.0 Spellcasting
 - Level 2.0 Hexes


You had 7 spell levels left.
You knew the following spells:

 Your Spells              Type           Power      Damage    Failure   Level
a - Slow                  Hex            16%        N/A       19%         1

Your spell library contained the following spells:

 Spells                   Type           Power      Damage    Failure   Level
 Inner Flame              Hex/Fire       2%         N/A       65%         3
 Portal Projectile        Hex/Tloc       4%         N/A       65%         3
 Cause Fear               Hex            2%         N/A       88%         4

Inventory:

Hand Weapons
 b - a +2 heavy longbow (weapon)
Armour
 h - a +0 pair of boots (worn)
 i - a +0 leather armour (worn)
 p - the +2 robe of Hixam {Harm rPois Str-4}
   (You found it on level 5 of the Dungeon)

   Str:       It affects your strength (-4).
   rPois:     It protects you from poison.
   Harm:      It increases damage dealt and taken.
Jewellery
 c - an amulet of the acrobat (around neck)
Scrolls
 a - 2 scrolls of teleportation
 l - 2 scrolls of identify
Potions
 d - a potion of might
 e - a potion of mutation {unknown}
 f - a potion of curing {unknown}
 g - a potion of invisibility {unknown}
 j - a potion of enlightenment {unknown}
 m - a potion of haste {unknown}
 n - a potion of lignification {unknown}
 o - a potion of magic {unknown}

Dungeon Overview and Level Annotations

Branches:
Dungeon (5/15)
 Temple: D:4-7

Altars:
Qazlal
Ru
Uskayaw
The Shining One

Annotations:
D:4 1 runed translucent door, qw's ghost, amateur GrHs
D:5 Menkaure


Message History

A jelly comes into view.
The quokka bites you but does no damage.
The quokka closely misses you.
Menkaure calls on the powers of darkness!
The jelly convulses!
The jelly quivers.
The quokka convulses!
Your body is wracked with pain!
You shoot an arrow. The arrow hits the quokka!
You kill the quokka!
Menkaure mumbles some strange words.
Menkaure seems to speed up.
You shoot an arrow. The arrow hits Menkaure.
Menkaure is lightly damaged.
Menkaure calls on the powers of darkness!
The jelly convulses!
Your body is wracked with pain!
Menkaure calls on the powers of darkness!
The jelly convulses!
Your body is wracked with pain!
3130 ||| READING 3 scrolls of teleportation.
As you read the scroll of teleportation, it crumbles to dust.
You feel strangely unstable.
3131 ||| DRINKING potion of heal wounds.
You feel much better.
You shoot an arrow. The arrow hits the jelly!!
You kill the jelly!
Your surroundings seem slightly different.
Menkaure gestures at you while chanting.
Pain shoots through your body!
Enter note:
Enter note:
Enter note: You shoot an arrow.
The arrow hits Menkaure!
Menkaure is heavily damaged.
You shoot an arrow. The arrow hits Menkaure.
Menkaure is severely damaged.
Menkaure calls on the powers of darkness!
Your body is wracked with pain!
You shoot an arrow. The arrow hits Menkaure.
Menkaure is severely damaged.
Menkaure closely misses you. Menkaure hits you!!
You die...

+.......##...###.####..#
#..##>..##...###.####<.#
###..##...#...............
#....+....#...............
#....#....########..###...
##...##...# ..# ##+# ##
#...#######...+
..............#
........M@.....#
...........##...#
.###.####...# ## ## #.#
##### ...


You could see Menkaure (fast).

Vanquished Creatures
  3 phantoms
  3 scorpions
  A jelly (D:5)
  An orc priest (D:5)
  A hound (D:5)
  A sleepcap (D:4)
  A gnoll bouda (D:4)
  2 iguanas
  An adder (D:4)
  4 gnolls (D:4)
  An ufetubus (D:5)
  4 dart slugs
  12 orcs
  9 endoplasms
  4 giant cockroaches
  5 goblins
  6 hobgoblins
  14 jackals
  6 quokkas
  5 ball pythons
  3 bats
  2 frilled lizards
  6 kobolds
  6 rats
101 creatures vanquished.

Notes
Turn   | Place    | Note
-------+----------+-------------------------------------------
     0 | D:1      | qw the Minotaur Hexslinger began the quest for the Orb.
     0 | D:1      | Reached XP level 1. HP: 16/16 MP: 1/1
     0 | D:1      | 0 ||| qw: Version: 0.3-a-52-g30416fa
     0 | D:1      | 0 ||| qw: Game counter: 7761
     0 | D:1      | 0 ||| qw: Melee chars always use a shield: true
     0 | D:1      | 0 ||| qw: God list: Okawaru
     0 | D:1      | 0 ||| qw: Allow faded altars: false
     0 | D:1      | 0 ||| qw: Do Orc after clearing Dungeon:15 true
     0 | D:1      | 0 ||| qw: Do second Lair branch before Depths: true
     0 | D:1      | 0 ||| qw: Lair rune preference: random
     0 | D:1      | 0 ||| qw: Goals: Normal
     0 | D:1      | 0 ||| PLANNING D:1-11
    37 | D:1      | HP: 1/16 [kobold/+0 dagger (4)]
   131 | D:1      | Reached skill level 3 in Ranged Weapons
   162 | D:1      | Reached XP level 2. HP: 23/23 MP: 2/2
   357 | D:1      | Reached XP level 3. HP: 29/29 MP: 3/3
   491 | D:1      | Reached skill level 4 in Ranged Weapons
   658 | D:1      | 658 ||| READING 2 scrolls labelled AXOQIRPH JATUHO.
   661 | D:1      | 661 ||| DROPPING scroll of poison.
   709 | D:2      | Found a sacrificial altar of Ru.
  1215 | D:2      | 1215 ||| UPGRADING to +0 leather armour.
  1225 | D:2      | 1225 ||| DROPPING +0 robe.
  1226 | D:2      | 1226 ||| READING scroll labelled ZIKLOA XITASAR.
  1227 | D:2      | 1227 ||| READING scroll labelled JEEGIR PIOJISCH.
  1351 | D:3      | 1351 ||| FLEEEEING.
  1365 | D:3      | Reached XP level 4. HP: 36/36 MP: 4/4
  1502 | D:3      | Noticed a fire elemental
  1503 | D:3      | Found a stormy altar of Qazlal.
  1512 | D:3      | Noticed an earth elemental
  1513 | D:3      | Noticed a water elemental
  1513 | D:3      | Noticed an air elemental
  1813 | D:3      | 1813 ||| UPGRADING to amulet of the acrobat.
  2160 | D:3      | 2160 ||| READING scroll labelled AJASSOA ESED.
  2160 | D:3      | Identified a scroll of acquirement
  2160 | D:3      | 2160 ||| ACQUIRING +2 heavy longbow
  2160 | D:3      | Acquired a +2 heavy longbow
  2162 | D:3      | 2162 ||| SWAPPING to +2 heavy longbow.
  2163 | D:3      | 2163 ||| DROPPING +1 sling.
  2164 | D:3      | 2164 ||| READING 2 scrolls labelled OGITTO YJEUPS.
  2165 | D:3      | 2165 ||| READING scroll labelled HETWUS DOICI.
  2166 | D:3      | 2166 ||| DRINKING 2 lumpy golden potions.
  2176 | D:4      | Noticed a +0 hand axe
  2176 | D:4      | Noticed a +0 dagger
  2176 | D:4      | Found a hide-covered altar of Uskayaw.
  2203 | D:4      | Reached skill level 5 in Ranged Weapons
  2230 | D:4      | Noticed qw's ghost (amateur GrHs)
  2239 | D:4      | Found a runed translucent door.
  2242 | D:4      | Noticed a scorpion
  2248 | D:4      | Killed a scorpion
  2249 | D:4      | Reached XP level 5. HP: 25/46 MP: 5/5
  2355 | D:4      | Found a glowing golden altar of the Shining One.
  2382 | D:4      | Reached XP level 6. HP: 52/52 MP: 6/6
  2383 | D:4      | Reached skill level 6 in Ranged Weapons
  2725 | D:4      | 2725 ||| UPGRADING to +0 pair of boots.
  2730 | D:4      | 2730 ||| DRINKING 2 orange potions.
  2757 | D:5      | Entered Level 5 of the Dungeon
  2790 | D:5      | Reached skill level 1 in Armour
  2856 | D:5      | Reached skill level 7 in Ranged Weapons
  2890 | D:5      | Reached XP level 7. HP: 59/59 MP: 7/7
  2970 | D:5      | Identified the +2 robe of Hixam {Harm rPois Str-4}
  2980 | D:5      | Reached skill level 8 in Ranged Weapons
  3126 | D:5      | Noticed Menkaure
  3129 | D:5      | HP: 10/60 [??? (7)]
  3130 | D:5      | 3130 ||| READING 3 scrolls of teleportation.
  3131 | D:5      | 3131 ||| DRINKING potion of heal wounds.
  3135 | D:5      | Slain by Menkaure

Levels and vault maps discovered:
D:1:      nzn_arrival_settlement, layout_rooms, chequers_serial_rivers_micro_b,
          nrook_mini_vaults, st_stairs_3
D:2:      layout_basic, basic_altar
D:3:      layout_basic, nicolae_qazlal_style_of_elements, wad_orctagon
D:4:      layout_rooms, kennysheep_mini_moat, dancing_weapons_uskayaw,
          hellmonk_ghost_happy_afterlife
D:5:      layout_gridville, nicolae_ru_great_annihilating_truth,
          uniq_blork_the_orc, uniq_menkaure

Skill      XL: |  1  2  3  4  5  6  7 |
---------------+----------------------+-----
Ranged Weapons | 3 4 5 7 8 |  8.0
Fighting       | 2 4 |  4.9
Armour         | 1 |  1.3
Dodging        | |  2.1
Spellcasting   | |  1.0
Hexes          | |  2.0

Action                     |  1- 3 |  4- 6 |  7- 9 || total
---------------------------+-------+-------+-------++-------
   Fire: Sling             |   168 |    32 |       ||   200
         Longbow           |       |    44 |    21 ||    65
    Use: Scroll            |     3 |     3 |     1 ||     7
         Potion            |       |     2 |     1 ||     3
 Armour: Robe              |    22 |       |       ||    22
         Leather armour    |     5 |    10 |     2 ||    17
  Dodge: Dodged            |    67 |    26 |     8 ||   101

Table legend:
 A = Non-vault XP
 B = Vault XP
 C = Vault XP percentage of total XP
 D = Non-vault monster count
 E = Vault monster count
 F = Vault count percentage of total count
                 A         B        C        D         E       F
            +---------+---------+-------+---------+---------+-------
      Total |    1041 |      13 |   1.2 |      96 |       5 |   5.0
            +---------+---------+-------+---------+---------+-------
        D:1 |      66 |       1 |   1.5 |      36 |       1 |   2.7
        D:2 |      16 |       0 |   0.0 |       9 |       0 |   0.0
        D:3 |      33 |      12 |  26.7 |      17 |       4 |  19.0
        D:4 |     475 |       0 |   0.0 |      21 |       0 |   0.0
        D:5 |     451 |       0 |   0.0 |      13 |       0 |   0.0
            +---------+---------+-------+---------+---------+-------
